General information
- name: BNet
- type: Ladder 1vs1/FFA
- host: Battle.net
- saver: 7.13
map: TidewaterGlades
- players: 2
- length: 05:58
- speed: Fast
- version: 1.24 W3XP
- replay type: Public
» download(16 KB)
Players
team 1 (winner)
7.13 (
purple | 68 APM | 406 actions | 05:58)
2 Archmage
1 Summon Water Elemental
1 Brilliance Aura
» actions
| Assign group hotkey | 15 | |
| Basic commands | 43 | |
| Build / train | 21 | |
| ESC pressed | 1 | |
| Enter build submenu | 13 | |
| Enter hero's abilities submenu | 2 | |
| Right click | 151 | |
| Select / deselect | 128 | |
| Select group hotkey | 8 | |
| Use ability | 24 | |
406 total
» units
» buildings
| Altar of Kings | 1 | |
| Barracks | 1 | |
| Farm | 3 | |
| Scout Tower | 6 | |
| Lumber Mill | 1 | |
| Guard Tower | 1 | |
| Arcane Tower | 1 | |
14 total
» build order
00:06 Altar of Kings
00:10 Barracks
00:29 Farm
01:01 Farm
01:04 Farm
01:33 Scout Tower
01:57 Lumber Mill
03:50 Scout Tower
03:51 Scout Tower
03:53 Scout Tower
03:55 Scout Tower
04:05 Scout Tower
04:22 Guard Tower
05:03 Arcane Tower
team 2 (loser)
DemonSlayerK (
orange | 27 APM | 161 actions | 05:53)
1 Keeper of the Grove
1 Force of Nature
» actions
| Basic commands | 8 | |
| Build / train | 19 | |
| Enter build submenu | 7 | |
| Enter hero's abilities submenu | 1 | |
| Right click | 28 | |
| Select / deselect | 81 | |
| Use ability | 17 | |
161 total
» units
» buildings
| Altar of Elders | 1 | |
| Ancient of War | 2 | |
| Moon Well | 3 | |
6 total
» build order
00:14 Altar of Elders
00:20 Ancient of War
00:49 Moon Well
01:51 Moon Well
02:52 Moon Well
04:32 Ancient of War
Chat log
(05:08 / All) 7.13: youre still trying to win?
(05:14 / All) 7.13: that is kinda funny
(05:40 / All) 7.13: why are you still trying bro
(05:51 / All) 7.13: its only a game